 Dungeon Crawl Stone Soup version 0.27-a0-1081-ge8a0a9c698 (webtiles) character file.

Game seed: 7963837572239196324

1213 dolemite99 the Cruncher (level 8, -8/49 (56) HPs)
             Began as a Demonspawn Gladiator on Apr 26, 2021.
             Was a Believer of Dithmenos.
             Mangled by a wight
             ... wielding a +4 dire flail of freezing
              (10 damage)
             ... on level 6 of the Dungeon.
             The game lasted 00:10:16 (6981 turns).

dolemite99 the Cruncher (Demonspawn Gladiator)      Turns: 6981, Time: 00:10:17

HP:   -8/49 (56)    AC: 10    Str: 17    XL:     8   Next: 22%
MP:   8/8           EV:  7    Int: 10    God:    Dithmenos [**....]
Gold: 37            SH:  0    Dex: 14    Spells: 7/7 levels left

rFire    . . .     SeeInvis .   a - +0 quarterstaff
rCold    . . .     Faith    .   (shield currently unavailable)
rNeg     . . .     Spirit   .   d - +0 chain mail
rPois    .         Reflect  .   (helmet restricted)
rElec    .         Harm     .   (no cloak)
rCorr    .         Rampage  .   l - +0 pair of gloves
Will     .....                  c - +0 pair of boots
Stlth    ..........             t - amulet of regeneration
HPRegen  1.16/turn              (no ring)
MPRegen  0.11/turn              (no ring)

@: wreathed by umbra, heavily drained
A: horns 1, ignite blood 2, powered by pain 1
a: Renounce Religion, Shadow Step


You were on level 6 of the Dungeon.
You worshipped Dithmenos.
Dithmenos was pleased with you.
You visited 1 branch of the dungeon, and saw 6 of its levels.

You collected 172 gold pieces.
You spent 135 gold pieces at shops.

Inventory:

Hand Weapons
 a - a +0 quarterstaff (weapon)
 b - a +0 shortbow
 j - a +1 hand axe of flaming
Missiles
 k - 178 stones
 m - 32 bolts
 q - a throwing net (quivered)
 y - 48 arrows
Armour
 c - a +0 pair of boots (worn)
 d - a +0 chain mail (worn)
 l - a +0 pair of gloves (worn)
Jewellery
 t - an amulet of regeneration (around neck)
 v - a ring of protection from cold
Wands
 B - a wand of digging (5)
Scrolls
 h - a scroll of fear
 u - a scroll of summoning {unknown}
 w - 2 scrolls of enchant weapon
 z - a scroll of vulnerability {unknown}
 A - 2 scrolls of teleportation
Potions
 e - 4 potions of curing
 f - a potion of degeneration {unknown}
 g - 3 potions of heal wounds
 i - a potion of might {unknown}
 n - a potion of ambrosia {unknown}
 p - a potion of magic {unknown}
 s - 2 potions of attraction {unknown}


   Skills:
 - Level 2.0 Fighting
 + Level 9.5 Staves
 - Level 1.7 Throwing
 - Level 2.6 Dodging


You had 7 spell levels left.
You didn't know any spells.
Your spell library was empty.

Dungeon Overview and Level Annotations

Branches:
Dungeon (6/15)             Temple (0/1) D:4

Altars:
Dithmenos
Vehumet
Wu Jian

Shops:
D:3 ?   D:4 [(   D:5 ?

Annotations:
D:1 exclusion: downstairs
D:2 Sigmund
D:3 1 exclusion
D:5 3 runed translucent doors, bande's ghost, amateur GrFi


Innate Abilities, Weirdness & Mutations

You have a pair of small horns on your head.
Your demonic aura often causes spilled blood to erupt in flames You sometimes gain a little power by taking damage.


Message History

You hit the wight.
The wight is severely damaged.
The wight hits you with a +5 flail of freezing.
The wight freezes you. The wight barely misses you.
You hit the wight.
The wight is almost destroyed.
The wight hits you with a +5 flail of freezing.
You feel drained. The wight freezes you.
The wight hits you with a +4 dire flail of freezing!
You feel drained.
* * * LOW HITPOINT WARNING * * *
The wight freezes you.
* * * LOW HITPOINT WARNING * * *
The wight hits you with a +5 flail of freezing.
* * * LOW HITPOINT WARNING * * *
You feel drained.
* * * LOW HITPOINT WARNING * * *
The wight freezes you.
* * * LOW HITPOINT WARNING * * *
The wight closely misses you. The wight closely misses you.
You barely miss the wight.
The wight is almost destroyed.
The wight hits you with a +5 flail of freezing.
* * * LOW HITPOINT WARNING * * *
The wight freezes you.
* * * LOW HITPOINT WARNING * * *
The wight barely misses you. The wight closely misses you.
You hit the wight but do no damage.
The wight is almost destroyed.
There is a stone staircase leading up, spattered with blood here.
Your chain mail prevents you from hitting the wight.
The wight is almost destroyed.
The wight hits you with a +5 flail of freezing!
* * * LOW HITPOINT WARNING * * *
The wight freezes you.
* * * LOW HITPOINT WARNING * * *
The wight hits you with a +4 dire flail of freezing!
You die...

.## #......# .... ##
.......#......##....
#......#............
#......+............
#......#......##....
#......#......# ^
#......#......##
#......#...°z..#
#......'<...z@.#
####......#.......#
.....#'####.......#
.....#...##...##.##...#
.....#...##...##.##...##
.....#....#............#
.....#+####............#
.z####...##............#
..'....................#


You could see 2 wights.

Vanquished Creatures
  Duvessa (D:4)
  2 sky beasts (D:5)
  A black bear (D:6)
  An ogre (D:5)
  A centaur (D:5)
  Dowan (D:4)
  2 water moccasin skeletons
  A wight (D:5)
  A howler monkey (D:6)
  A centaur zombie (D:5)
  4 hounds
  2 jellies
  3 iguanas
  A hound skeleton (D:4)
  A gnoll (D:2)
  3 adders
  2 ufetubi
  4 worms
  2 dart slugs
  6 orcs
  5 bats
  5 endoplasms
  A giant cockroach (D:2)
  7 goblins
  9 hobgoblins
  8 jackals
  3 quokkas
  6 ball pythons
  6 frilled lizards
  8 kobolds
  9 rats
107 creatures vanquished.

Notes
Turn   | Place    | Note
-------+----------+-------------------------------------------
     0 | D:1      | dolemite99 the Demonspawn Gladiator began the quest for the
                  | Orb.
     0 | D:1      | Reached XP level 1. HP: 16/16 MP: 1/1
   239 | D:1      | Reached skill level 3 in Staves
   248 | D:1      | Gained mutation: Your demonic aura sometimes causes spilled
                  | blood to erupt in flames [demonic ancestry]
   248 | D:1      | Reached XP level 2. HP: 18/22 MP: 2/2
  1229 | D:2      | Gained mutation: Your demonic aura often causes spilled
                  | blood to erupt in flames [demonic ancestry]
  1229 | D:2      | Reached XP level 3. HP: 25/27 MP: 3/3
  1254 | D:2      | Reached skill level 4 in Staves
  2320 | D:2      | Gained mutation: You have a pair of small horns on your
                  | head. [demonic ancestry]
  2320 | D:2      | Reached XP level 4. HP: 33/33 MP: 4/4
  2803 | D:2      | Noticed Sigmund
  3278 | D:3      | Found Eriaxeh's Magic Scroll Shoppe.
  3286 | D:3      | Found a faded altar of an unknown god.
  3297 | D:3      | Became a worshipper of Dithmenos the Shadowed
  3297 | D:3      | Reached * piety under Dithmenos
  3690 | D:3      | Reached skill level 5 in Staves
  3690 | D:3      | Reached XP level 5. HP: 28/38 MP: 5/5
  3973 | D:3      | Noticed a moth of wrath
  4015 | D:4      | Noticed Duvessa
  4018 | D:4      | Noticed Dowan
  4029 | D:4      | Killed Duvessa
  4030 | D:4      | Reached skill level 6 in Staves
  4040 | D:4      | Killed Dowan
  4041 | D:4      | Reached XP level 6. HP: 20/44 MP: 6/6
  4584 | D:4      | Found an ornate altar of the Wu Jian Council.
  4584 | D:4      | Found a radiant altar of Vehumet.
  4805 | D:4      | You fall into a shaft and drop 2 floors!
  4824 | D:5      | Entered Level 5 of the Dungeon
  5059 | D:6      | Reached skill level 7 in Staves
  5092 | D:5      | Reached XP level 7. HP: 44/50 MP: 7/7
  5359 | D:4      | Found Lizuxat's Armour Boutique.
  5411 | D:4      | Reached skill level 8 in Staves
  5599 | D:4      | Found Rutibida's Weapon Boutique.
  5783 | D:4      | Found a staircase to the Ecumenical Temple.
  5817 | D:4      | You fall into a shaft and drop 1 floor!
  5852 | D:5      | Reached ** piety under Dithmenos
  5975 | D:5      | Found a runed translucent gate.
  5976 | D:5      | Found a runed translucent gate.
  5977 | D:5      | Found a runed translucent gate.
  5979 | D:5      | Noticed bande's ghost (amateur GrFi)
  6034 | D:5      | Reached skill level 9 in Staves
  6034 | D:5      | Gained mutation: You sometimes gain a little power by
                  | taking damage. [demonic ancestry]
  6034 | D:5      | Reached XP level 8. HP: 38/56 MP: 8/8
  6478 | D:5      | Found Nipnox's Magic Scroll Emporium.
  6486 | D:5      | Bought a scroll of teleportation for 45 gold pieces
  6486 | D:5      | Bought a scroll of identify for 30 gold pieces
  6487 | D:5      | Bought a scroll of identify for 30 gold pieces
  6487 | D:5      | Bought a scroll of identify for 30 gold pieces
  6981 | D:6      | HP: 2/49 [wight/+5 flail of freezing (3)]
  6981 | D:6      | Mangled by a wight

Illustrated notes

Levels and vault maps discovered:
D:1:      dpeg_arrival_subterranean_lakeside_camping, layout_basic
D:2:      layout_loops_ring, minmay_mini_jars, uniq_sigmund
D:3:      layout_basic, tgw_trog, chequers_ecumenical_altar_simple_redux,
          serial_shops, shop_scrolls, kennysheep_generic_room_4
D:4:      layout_loops_ring, amethyst_overflow_temple_binary,
          minmay_temple_entry_fiery, serial_shops, shop,
          kennysheep_small_spiral, minmay_shop_grid_forest, uniq_duvessa
D:5:      layout_gridville, serial_shops, kennysheep_mini,
          ebering_ghost_rock_garden
D:6:      layout_gridville, lemuel_zombie_altar_kikubaaqudgha,
          gammafunk_ghost_arena, uniq_menkaure

Skill      XL: |  1  2  3  4  5  6  7 |
---------------+----------------------+-----
Staves         | 3 4 5 6 7 9 |  9.5
Fighting       | |  2.0
Throwing       | |  1.7
Dodging        | |  2.6

Action                   |  1- 3 |  4- 6 |  7- 9 || total
-------------------------+-------+-------+-------++-------
Melee: Quarterstaff      |   121 |   101 |   100 ||   322
       Headbutt          |       |    23 |    15 ||    38
 Fire: Shortbow          |       |       |    20 ||    20
Throw: Throwing net      |     1 |     3 |       ||     4
       Stone             |       |     8 |       ||     8
  Use: Scroll            |     2 |     1 |     6 ||     9
 Stab: Sleeping          |     2 |       |       ||     2
       Held in net/web   |     1 |       |       ||     1
Armor: Leather armour    |    58 |    30 |    19 ||   107
       Chain mail        |       |       |     2 ||     2
Dodge: Dodged            |    91 |    69 |    84 ||   244

Table legend: (Time is in decaauts)
 A = Elapsed time spent in this place.
 B = Non-inter-level travel time spent in this place.
 C = Inter-level travel time spent in this place.
 D = Time resting spent in this place.
 E = Time spent auto-exploring this place.
 F = Levels seen in this place.
 G = Mean time per level.
                   A        B        C        D        E       F      G
               +--------+--------+--------+--------+--------+-----+--------+
         Total |   6999 |   6766 |    233 |   2387 |   3052 |   6 | 1166.5 |
       Dungeon |   6999 |   6766 |    233 |   2387 |   3052 |   6 | 1166.5 |
               +--------+--------+--------+--------+--------+-----+--------+

Top non-repeatable levels by time:
     D:2: 1763 daAuts
     D:4: 1450 daAuts
     D:1: 1273 daAuts
     D:5: 1157 daAuts
     D:3: 985 daAuts
     D:6: 368 daAuts
